[Event "*** SCC Grand Prix: Titled Tuesday Blitz"]
[Site "Chess.com"]
[Date "2020.09.29"]
[Round "7"]
[White "ajdemipopushi"]
[Black "KarstenHansch"]
[Result "1-0"]
[WhiteElo "2358"]
[BlackElo "2454"]
[TimeControl "180+1"]
[EndTime "11:15:49 PDT"]
[Termination "ajdemipopushi won by resignation"]

1. Nf3 d5 2. g3 e6 3. c4 Nf6 4. Bg2 dxc4 5. Na3 Bxa3 6. Qa4+ b5 7. Qxa3 Bb7 8. b3 cxb3 9. axb3 a5 10. Qc5 c6 11. Ne5 Ra6 12. Ba3 Nbd7 13. Nxd7 Qxd7 14. O-O Nd5 15. Rfc1 Qe7 16. Qd4 Qf6 17. Qc5 b4 18. Bxb4 Nxb4 19. Rxa5 Rxa5 20. Qxa5 Nd5 21. Qa7 Bc8 22.
Rxc6 O-O 23. Bxd5 Qb2 24. Bc4 Qxd2 25. Rc7 h5 26. Qc5 Qd1+ 27. Kg2 Qd8 28. h4 g6 29.
e3 e5 30. Re7 Be6 31. Bxe6 fxe6 32. Rxe6 Qa8+ 33. Qc6 Qa2 34. Rxg6+ Kh8 35. Rh6+ 1-0

[Event "*** SCC Grand Prix: Titled Tuesday Blitz"]
[Site "Chess.com"]
[Date "2020.09.29"]
[Round "7"]
[White "MikeSailer"]
[Black "Sueetin"]
[Result "0-1"]
[WhiteElo "2075"]
[BlackElo "2284"]
[TimeControl "180+1"]
[EndTime "11:15:49 PDT"]
[Termination "Sueetin won on time"]

1. d4 Nf6 2. Bf4 d5 3. e3 c5 4.
Nf3 Nc6 5. Nc3 a6 6. dxc5 g6 7. Be2 Bg7 8. O-O O-O 9. Na4 Nh5 10. c3 Nxf4 11. exf4 Rb8 12. Nd4 Qc7 13. g3 Bh3 14.
Re1 Nd8 15. Bf3 Ne6 16. b4 Nxd4 17. cxd4 e6 18. Nb6 h5 19. Re3 Rbd8 20. a4 Bf6 21.
b5 axb5 22. axb5 h4 23. Rea3 Kg7 24. Ra8 Rxa8 25. Rxa8 Rxa8 26. Nxa8 Qa5 27. Nb6 Qxb5 28. g4 Kg8 29. Be2 Qb2 30. Nd7 Bxd4 31. Nf6+ Bxf6 32. g5 Bd4 0-1

[Event "*** SCC Grand Prix: Titled Tuesday Blitz"]
[Site "Chess.com"]
[Date "2020.09.29"]
[Round "7"]
[White "Iskusnyh"]
[Black "Srisshhhtea"]
[Result "1-0"]
[WhiteElo "2552"]
[BlackElo "2303"]
[TimeControl "180+1"]
[EndTime "11:15:51 PDT"]
[Termination "Iskusnyh won by checkmate"]

1. d4 Nf6 2. c4 g6 3. g3 Bg7 4. Bg2 O-O 5. Nc3 d6 6. Nf3 Nbd7 7. O-O e5 8. e4 Re8 9. h3 exd4 10. Nxd4 Nc5 11. Re1 Bd7 12. Rb1 h6 13. f3 c6 14.
Be3 a5 15. Qd2 h5 16. Bf2 a4 17. b4 axb3 18. axb3 Qc7 19. Red1 Red8 20. b4 Ne6 21. Nde2 Be8 22. Rdc1 Qe7 23. Bb6 Rd7 24. Re1 h4 25. g4 Nh7 26. f4 g5 27. f5 Nf4 28. Nxf4 gxf4 29. Ne2 Bh6 30. Nxf4 Ra3 31. Qf2 Ng5 32. Bd4 Rg3 33. Kh2 c5 34. Nd5 cxd4 35. Nxe7+ Rxe7 36. Qxd4 Bc6 37. Ra1 Rxg2+ 38. Kxg2 Bxe4+ 39. Rxe4 Nxe4 40.
Ra8+ Bf8 41. Rxf8+ Kxf8 42. Qh8# 1-0

[Event "*** SCC Grand Prix: Titled Tuesday Blitz"]
[Site "Chess.com"]
[Date "2020.09.29"]
[Round "7"]
[White "fighter2jz"]
[Black "r31415"]
[Result "1-0"]
[WhiteElo "2650"]
[BlackElo "2471"]
[TimeControl "180+1"]
[EndTime "11:15:52 PDT"]
[Termination "fighter2jz won by checkmate"]

1. e4 e5 2. Nf3 Nc6 3. Bc4 Bc5 4. b4 Bxb4 5. c3 Bd6 6. d4 Nf6 7. O-O O-O 8. Bg5 h6 9. Bh4 b6 10. dxe5 Nxe5 11. Nxe5 Bxe5 12. f4 Bxf4 13. Rxf4 g5 14.
e5 Qe7 15. exf6 Qe3+ 16. Rf2 gxh4 17. Nd2 Bb7 18. Qh5 Qg5 19. Qxg5+ hxg5 20. Rf5 d5 21.
Rxg5+ Kh7 22. Bd3+ Kh6 23. Rg4 Kh5 24. h3 Rg8 25. Be2 Rxg4 26. Bxg4+ Kg5 27. Rf1 Rd8 28. Rf5+ Kg6 29. Nf3 d4 30. Ne5+ Kh7 31. Rg5 Bd5 32.
Bf5+ Kh6 33. Rg7 dxc3 34. Ng4+ Kh5 35. Ne3 Bxa2 36. Kf2 Rd6 37. Bg4+ Kh6 38. Nf5# 1-0

[Event "*** SCC Grand Prix: Titled Tuesday Blitz"]
[Site "Chess.com"]
[Date "2020.09.29"]
[Round "7"]
[White "sjam6687"]
[Black "Bulldog167"]
[Result "0-1"]
[WhiteElo "2516"]
[BlackElo "2792"]
[TimeControl "180+1"]
[EndTime "11:15:52 PDT"]
[Termination "Bulldog167 won by resignation"]

1. d4 Nf6 2. c4 g6 3. Nc3 d5 4. cxd5 Nxd5 5. e4 Nxc3 6. bxc3 Bg7 7. Bc4 c5 8. Ne2 Nc6 9. Be3 O-O 10. O-O Qc7 11.
Rc1 b6 12. Qd2 Rd8 13. Rfd1 e5 14. Bg5 Rd6 15. Bd5 Be6 16. Bxc6 Qxc6 17. d5 Qa4 18. c4 Bc8 19. Be7 Rd7 20. d6 Bb7 21. f3 Bf8 22. Nc3 Qa5 23. Nd5 Qxd2 24. Rxd2 Bxd5 25. Bxf8 Kxf8 26.
Rxd5 f6 27. g3 Rad8 28. Rcd1 Kf7 29. f4 Ke6 30. fxe5 fxe5 31. Rf1 Rxd6 32. Kg2 Rxd5 33. exd5+ Ke7 34. a4 a6 35. Kf3 Rf8+ 36. Ke2 Rxf1 37. Kxf1 Kd6 38. Ke2 b5 39. cxb5 axb5 40. axb5 Kxd5 41. Ke3 c4 0-1

[Event "*** SCC Grand Prix: Titled Tuesday Blitz"]
[Site "Chess.com"]
[Date "2020.09.29"]
[Round "7"]
[White "AleksanderHnydiuk"]
[Black "ajgreen"]
[Result "1-0"]
[WhiteElo "2561"]
[BlackElo "2379"]
[TimeControl "180+1"]
[EndTime "11:15:54 PDT"]
[Termination "AleksanderHnydiuk won by resignation"]

1. e4 c5 2. Nf3 e6 3. d4 cxd4 4. Nxd4 Nc6 5. Nc3 Nf6 6. Ndb5 Bc5 7. Bf4 O-O 8. Bc7 Qe7 9. Bd6 Bxd6 10. Qxd6 Qd8 11.
O-O-O a6 12. Nd4 Ne7 13. Be2 b5 14. g4 Ne8 15. Qg3 Bb7 16. a3 Qa5 17. Nb3 Qd8 18. Rd2 Bc6 19. Rhd1 Ng6 20. Nd4 Qg5 21. Nf3 Qc5 22. h4 b4 23. axb4 Qxb4 24. Rd4 Qa5 25. h5 Ne7 26. Ne5 f6 27. Nxd7 Bxd7 28. Rxd7 Nc6 29.
Bc4 Ne5 30. Bxe6+ Kh8 31. h6 Nxd7 32. hxg7+ Nxg7 33. Bxd7 Rfd8 34. Qd6 Qe5 35. Qc6 Ra7 36. Rd6 Ne8 37. Re6 Qc7 38. Rxe8+ Rxe8 39. Qxf6+ Kg8 40.
Bxe8 1-0

[Event "*** SCC Grand Prix: Titled Tuesday Blitz"]
[Site "Chess.com"]
[Date "2020.09.29"]
[Round "7"]
[White "RaphCamora"]
[Black "jacky72"]
[Result "1-0"]
[WhiteElo "2417"]
[BlackElo "2578"]
[TimeControl "180+1"]
[EndTime "11:15:54 PDT"]
[Termination "RaphCamora won by checkmate"]

1. Nf3 Nf6 2. g3 g6 3. Bg2 Bg7 4. O-O O-O 5. d4 d6 6. c4 Nc6 7. Nc3 Bf5 8. Bf4 Ne4 9. Nxe4 Bxe4 10. d5 Na5 11. b3 c5 12. Bh3 Bxf3 13. exf3 a6 14.
Rc1 b5 15. Qe2 Rb8 16. Bd2 bxc4 17. Bxa5 Qxa5 18. Rxc4 Rfe8 19. f4 Rb4 20. Rxb4 cxb4 21. Bd7 Rb8 22. Rc1 Bf6 23. Qc4 Qxa2 24. f5 Kg7 25.
fxg6 hxg6 26. Re1 a5 27. Re2 Qa1+ 28. Kg2 Rh8 29. h4 Rh5 30. Bg4 Re5 31. Rxe5 Bxe5 32. h5 Qb2 33. hxg6 fxg6 34. Be2 Bd4 35. Qd3 Bc5 36. Qe4 Qf6 37. f4 Bb6 38. Bd3 Bd8 39.
Kh3 Kf7 40. g4 Bb6 41. g5 Qg7 42. Qe6+ Kf8 43. Bxg6 Qc3+ 44. Kg4 Qg7 45. Qc8+ Bd8 46. Qxd8# 1-0

[Event "*** SCC Grand Prix: Titled Tuesday Blitz"]
[Site "Chess.com"]
[Date "2020.09.29"]
[Round "7"]
[White "swimmerchess"]
[Black "LiemLe"]
[Result "0-1"]
[WhiteElo "2833"]
[BlackElo "2989"]
[TimeControl "180+1"]
[EndTime "11:15:55 PDT"]
[Termination "LiemLe won on time"]

1. e4 c6 2. Nc3 d5 3. Nf3 Nf6 4. e5 Ne4 5. Ne2 Qb6 6. d4 e6 7. Ng3 c5 8. Bd3 Nxg3 9. hxg3 cxd4 10. g4 Nc6 11. g5 g6 12. a3 Bd7 13. b4 a6 14. Rb1 Rc8 15. Qe2 Na7 16. Bb2 Nb5 17.
Bxb5 Bxb5 18. Qd2 Qc7 19. Rc1 Qc4 20. Nxd4 Qa2 21. c3 Be7 22. f4 Bd3 23. Rh3 Bf5 24.
Rh4 Qc4 25. g4 Be4 26. Qh2 h5 27. gxh5 gxh5 28. Rxh5 Rxh5 29. Qxh5 Qd3 30. Qe2 Qg3+ 31. Qf2 Qh3 32. Kd2 Qd3+ 33. Ke1 Kd7 34. Rd1 Qh3 35. Ne2 Rh8 36. c4 Qb3 37. Bd4 Rh1+ 38. Ng1 Bf3 39. Rc1 Qd3 0-1

[Event "*** SCC Grand Prix: Titled Tuesday Blitz"]
[Site "Chess.com"]
[Date "2020.09.29"]
[Round "7"]
[White "ClydeHillKid"]
[Black "LubovMarkelova"]
[Result "1-0"]
[WhiteElo "2366"]
[BlackElo "2219"]
[TimeControl "180+1"]
[EndTime "11:15:56 PDT"]
[Termination "ClydeHillKid won on time"]

1. e4 e6 2. d3 d5 3. Nd2 c5 4.
Ngf3 Nc6 5. g3 Bd6 6. Bg2 Nge7 7.
O-O Qc7 8. Re1 O-O 9. Qe2 f6 10. exd5 exd5 11. a3 Bg4 12. h3 Nd4 13. Qd1 Nxf3+ 14.
Nxf3 Bh5 15. Qe2 Rfe8 16. Bd2 Nf5 17. Qf1 Bf7 18. g4 Nd4 19. Nxd4 cxd4 20. c3 Bf4 21. Bxf4 Qxf4 22. Rxe8+ Rxe8 23. Re1 dxc3 24. Rxe8+ Bxe8 25. Qe1 Bf7 26. Bxd5 Kf8 27. Bxf7 Kxf7 28. Qxc3 Qf3 29. d4 Qd1+ 30. Kg2 Kg6 31. Qe3 Qc2 32. b4 Qc6+ 33. Qf3 Qd7 34. d5 Kf7 35. Qe4 h5 36. Kf3 hxg4+ 37. hxg4 a6 38. Ke3 Kf8 39. Qe6 Qb5 40.
Qd6+ Kf7 41. f4 Qa4 42. Qc7+ Kg6 43. f5+ Kh6 44. Qh2+ 1-0

[Event "*** SCC Grand Prix: Titled Tuesday Blitz"]
[Site "Chess.com"]
[Date "2020.09.29"]
[Round "7"]
[White "beto-betun"]
[Black "ural58"]
[Result "0-1"]
[WhiteElo "2134"]
[BlackElo "2350"]
[TimeControl "180+1"]
[EndTime "11:15:56 PDT"]
[Termination "ural58 won by resignation"]

1. d4 d5 2. c4 e5 3. dxe5 d4 4. Nf3 Nc6 5. g3 Nge7 6. Bg2 Ng6 7. O-O Ngxe5 8. Nxe5 Nxe5 9. b3 Be7 10. Bb2 c5 11. e3 Bg4 12. f3 Bf5 13. exd4 Nd3 14. Bc3 cxd4 15. Bd2 O-O 16. a4 a5 17. Na3 Nb4 18. Nb5 Bc2 19. Qe2 d3 20. Qe1 Bxb3 21.
Rc1 Nc2 22. Qf2 Bxc4 23. Kh1 Bxb5 24. axb5 Bf6 25. f4 Qd7 26. Be4 Qxb5 27. Qf3 Rad8 28. Rb1 Qa4 29. Rxb7 g6 30. Rfb1 Nd4 31. Qg2 Ne6 32.
Ra7 Qc2 33. Rc1 Qb2 34. Rcc7 Nxc7 35. Rxc7 a4 36. Rc1 a3 37. h4 a2 38. Qf1 a1=Q 39. Rxa1 Qxa1 40. Qxa1 Bxa1 41. Bf3 Bg7 42. h5 Rc8 43.
Kg2 Rc2 0-1

[Event "*** SCC Grand Prix: Titled Tuesday Blitz"]
[Site "Chess.com"]
[Date "2020.09.29"]
[Round "7"]
[White "Nikithebest"]
[Black "OK97"]
[Result "0-1"]
[WhiteElo "2422"]
[BlackElo "2774"]
[TimeControl "180+1"]
[EndTime "11:15:58 PDT"]
[Termination "OK97 won on time"]

1. e4 g6 2. d4 Bg7 3. Nf3 d6 4. Nc3 Nf6 5. Be2 O-O 6. O-O c6 7. a4 Nbd7 8. e5 Ne8 9. Bf4 dxe5 10. dxe5 Nc7 11. Bg3 Nb6 12. a5 Nbd5 13. Nxd5 Nxd5 14. c4 Nc7 15. Qxd8 Rxd8 16. Rfd1 Bf5 17. Nd4 Bd7 18. b4 c5 19. bxc5 Na6 20. c6 bxc6 21. Bf3 Rdc8 22. Rab1 Rab8 23. Rxb8 Nxb8 24. Nb3 Be6 25. Be2 Nd7 26. Nd4 Nxe5 27. Nxe6 fxe6 28. Rb1 Rd8 29. Rb7 Rd2 30. Bf1 Rd1 31. Bxe5 Bxe5 32. Rxa7 Kf7 33. g3 Bd4 34. Rc7 Ra1 35. Rxc6 Ra2 0-1

[Event "*** SCC Grand Prix: Titled Tuesday Blitz"]
[Site "Chess.com"]
[Date "2020.09.29"]
[Round "7"]
[White "Riptide27"]
[Black "Tenamu"]
[Result "1-0"]
[WhiteElo "2520"]
[BlackElo "2367"]
[TimeControl "180+1"]
[EndTime "11:15:58 PDT"]
[Termination "Riptide27 won by resignation"]

1. d4 Nf6 2. c4 e6 3. Nc3 c5 4. d5 exd5 5. cxd5 d6 6. e4 g6 7. f4 Bg7 8. Bb5+ Nfd7 9. a4 O-O 10. Nf3 a6 11. Bc4 Re8 12. O-O Bxc3 13. bxc3 Rxe4 14. Bd3 Nf6 15. Bxe4 Nxe4 16. c4 Qf6 17. Ra3 Bf5 18. Qb3 Nd7 19. Bb2 Qd8 20. Ba1 Rb8 21. Qb2 f6 22. Re1 Qa5 23. Rae3 Qxa4 24. Rxe4 Bxe4 25. Rxe4 Kf7 26. Ng5+ Kg8 27. Re7 Qd1+ 28. Kf2 Rd8 29. Ne6 Qg4 30. g3 Rb8 31. Rxd7 Qh3 32. Kg1 Qg4 33.
Qd2 Qf3 34. Bxf6 Re8 35. Rg7+ 1-0

[Event "*** SCC Grand Prix: Titled Tuesday Blitz"]
[Site "Chess.com"]
[Date "2020.09.29"]
[Round "7"]
[White "Marcin"]
[Black "aloe_normansen"]
[Result "1-0"]
[WhiteElo "2477"]
[BlackElo "2356"]
[TimeControl "180+1"]
[EndTime "11:15:58 PDT"]
[Termination "Marcin won by resignation"]

1. d4 Nf6 2. c4 g6 3. Nc3 Bg7 4. e4 d6 5. f4 c5 6. d5 e6 7. Nf3 exd5 8. cxd5 Bg4 9. Be2 O-O 10.
O-O Re8 11. h3 Bxf3 12. Bxf3 Nbd7 13. g4 h6 14. h4 b5 15. g5 Nh7 16. Ne2 hxg5 17.
hxg5 f6 18. gxf6 Ndxf6 19. Ng3 Qd7 20. Kg2 c4 21. Bd2 Rac8 22. Bc3 Qc7 23. e5 dxe5 24. fxe5 Rxe5 25. d6 Qc5 26. Bxe5 Qxe5 27. Rf2 Rd8 28. Rd2 Bh6 29. Re2 Qxd6 30. Qxd6 Rxd6 31. Ne4 Nxe4 32. Bxe4 Ng5 33. Rf1 Nf7 34. Bb1 Bg5 35. Re8+ Kg7 36. Ra8 Rd7 37. Rb8 Ne5 38. Rxb5 Rd2+ 39. Rf2 Rxf2+ 40.
Kxf2 Bf4 41. Rb7+ Kf6 42. Rxa7 g5 43. Ra6+ Ke7 44. Be4 Ng4+ 45. Kf3 Ne5+ 46. Ke2 Nd7 47. Rc6 Ne5 48. Ra6 Kd7 49. a4 Kc7 50. a5 g4 51. Rf6 Bg5 52. Rf5 Nf3 53. Bxf3 gxf3+ 54. Kxf3 Bc1 55. Rf7+ Kc6 56. a6 1-0

[Event "*** SCC Grand Prix: Titled Tuesday Blitz"]
[Site "Chess.com"]
[Date "2020.09.29"]
[Round "7"]
[White "Meri-Arabidze"]
[Black "alexgo05"]
[Result "0-1"]
[WhiteElo "2675"]
[BlackElo "2433"]
[TimeControl "180+1"]
[EndTime "11:15:59 PDT"]
[Termination "alexgo05 won on time"]

1. d4 Nf6 2. c4 g6 3. Nc3 Bg7 4. e4 d6 5. Nge2 O-O 6. Ng3 c5 7. d5 e6 8. Be2 exd5 9. cxd5 a6 10. a4 h5 11. Bg5 Qe8 12. O-O Nbd7 13. f4 Nh7 14.
Bh4 b6 15. Kh1 Bb7 16. Bxh5 gxh5 17. Nf5 Bxc3 18. Ne7+ Kh8 19. bxc3 Ndf6 20. e5 Qxe7 21.
Bxf6+ Nxf6 22. exf6 Qxf6 23. Qxh5+ Kg7 24. Rf3 Rh8 25. Qg4+ Kf8 26. Rd1 Re8 27. h3 Bc8 28. f5 Re5 29. c4 Rg8 30. Qh5 Rxf5 31. Rxf5 Qxf5 32. Qh6+ Rg7 33. Qxd6+ Kg8 34. Qxb6 Qe4 35. Qd8+ Kh7 36. Rg1 Bxh3 37. Qf6 Bxg2+ 38. Kh2 Qg4 39. Re1 Qg3+ 40. Kg1 Bh3+ 0-1

[Event "*** SCC Grand Prix: Titled Tuesday Blitz"]
[Site "Chess.com"]
[Date "2020.09.29"]
[Round "7"]
[White "goldenpuppy"]
[Black "angryhorse9"]
[Result "1-0"]
[WhiteElo "2399"]
[BlackElo "2524"]
[TimeControl "180+1"]
[EndTime "11:15:59 PDT"]
[Termination "goldenpuppy won by resignation"]

1. e4 c5 2. Nf3 d6 3. d4 Nf6 4.
Nc3 cxd4 5. Nxd4 Nc6 6. Bg5 e6 7. Qd2 Be7 8. f4 O-O 9. O-O-O Qb6 10. Kb1 Rd8 11. Nxc6 bxc6 12. h4 Rb8 13. b3 Qb4 14.
e5 a5 15. exf6 gxf6 16. Bh6 a4 17. Qd3 Kh8 18. Qc4 Qa5 19. Rh3 d5 20. Qxa4 Qb6 21.
Rg3 Rg8 22. Rxg8+ Kxg8 23. Qd4 Qd8 24. Qe3 Kh8 25. Bd3 Qg8 26. Ne2 c5 27. g4 c4 28.
Bf5 Bd8 29. g5 fxg5 30. hxg5 exf5 31. Qd4+ f6 32. gxf6 Qf7 33. Bg7+ Kg8 34. Rg1 cxb3 35.
axb3 Bb6 36. Qe5 Bc7 37. Qc3 Ba6 38. Nd4 Bb6 39. Nxf5 Qh5 40. Nh6+ Qxh6 41. Bxh6+ Bxg1 42. Qg3+ Kf7 43. Qg7+ Ke6 44. Qe7+ Kf5 45. f7 Kg4 46. f8=Q Rxf8 47. Qxf8 Kf3 48. Qg7 Be3 49. f5 Bc5 50. f6 1-0

[Event "*** SCC Grand Prix: Titled Tuesday Blitz"]
[Site "Chess.com"]
[Date "2020.09.29"]
[Round "7"]
[White "Nachsueb"]
[Black "floplover"]
[Result "0-1"]
[WhiteElo "2028"]
[BlackElo "2310"]
[TimeControl "180+1"]
[EndTime "11:16:00 PDT"]
[Termination "floplover won by checkmate"]

1. c4 Nf6 2. Nc3 e5 3. g3 d5 4. cxd5 Nxd5 5. Bg2 Nb6 6. d3 Be7 7. Nf3 Nc6 8. O-O O-O 9. Be3 Be6 10. Rc1 f5 11. Na4 Nxa4 12. Qxa4 Bf6 13. Bc5 Rf7 14. b4 Bd5 15. b5 Ne7 16. e4 fxe4 17. dxe4 Be6 18. Rfd1 Qe8 19. Qb4 Nc8 20. a4 b6 21.
Be3 Nd6 22. h4 a5 23. Qd2 h6 24. Bxb6 Nc4 25. Rxc4 Bxc4 26. Be3 Bb3 27. Ra1 Qe6 28. Kh2 Be7 29. Bh3 Qd6 30. Qe2 Rd8 31. Nd2 Be6 32. Bxe6 Qxe6 33. Rc1 Bb4 34. Nc4 Rfd7 35. b6 cxb6 36.
Nxb6 Rd3 37. Nd5 Ra3 38. Rc7 Rxa4 39. Qb5 Ra1 40. Qb7 Bf8 41. Ne7+ Bxe7 42. Rxe7 Rh1+ 43. Kxh1 Qh3+ 44. Kg1 Rd1# 0-1

[Event "*** SCC Grand Prix: Titled Tuesday Blitz"]
[Site "Chess.com"]
[Date "2020.09.29"]
[Round "7"]
[White "Radzio1987"]
[Black "Vesper2018"]
[Result "1-0"]
[WhiteElo "2827"]
[BlackElo "2612"]
[TimeControl "180+1"]
[EndTime "11:16:01 PDT"]
[Termination "Radzio1987 won on time"]

1. c4 e5 2. Nc3 d6 3. g3 Nc6 4. Bg2 g6 5. e3 Bg7 6. d3 f5 7. Nge2 Nf6 8. b3 O-O 9. Bb2 Be6 10. Nd5 Qd7 11. Qd2 Nd8 12. O-O Nh5 13. f4 c6 14. Ndc3 Nf7 15. d4 exd4 16. Nxd4 Nf6 17. Rae1 Rfe8 18. Nxe6 Rxe6 19. e4 Rae8 20. exf5 Rxe1 21.
Rxe1 Rxe1+ 22. Qxe1 Qxf5 23. Qe2 h5 24. Ne4 Nxe4 25.
Bxe4 Qe6 26. Bxg7 Kxg7 27. Qb2+ Qf6 28. Qxf6+ Kxf6 29. Kf2 g5 30. Ke3 g4 31. b4 Nh6 32.
b5 Nf5+ 33. Kd3 Ne7 34. a4 Ke6 35. Kd4 c5+ 36. Kd3 b6 37. Bc6 Kf6 38. Be8 h4 39. gxh4 Nf5 40. h5 Nh4 41. Bd7 Ng2 42. Ke4 Ne1 43.
Bxg4 Nc2 44. Bd1 Nb4 45. h4 Na2 46. Bb3 1-0

[Event "*** SCC Grand Prix: Titled Tuesday Blitz"]
[Site "Chess.com"]
[Date "2020.09.29"]
[Round "7"]
[White "frederiksvane"]
[Black "zajka-molotok"]
[Result "1-0"]
[WhiteElo "2680"]
[BlackElo "2494"]
[TimeControl "180+1"]
[EndTime "11:16:01 PDT"]
[Termination "frederiksvane won on time"]

1. e4 d6 2. d4 Nf6 3. Bd3 e5 4. Nf3 Bg4 5. c3 Nbd7 6. O-O Be7 7. Nbd2 O-O 8. h3 Bh5 9. Re1 Re8 10. Nf1 Bf8 11. Ng3 Bg6 12. Nh4 c6 13. Nxg6 hxg6 14. Be3 d5 15. Qb3 Qc7 16. Rad1 exd4 17. Bxd4 Nc5 18.
Bxc5 Bxc5 19. Kf1 dxe4 20. Bxe4 Nxe4 21. Nxe4 Qh2 22. Ng3 Bb6 23. Rxe8+ Rxe8 24. Rd7 Re6 25. Qc2 Rf6 26. Ne4 Qh1+ 27. Ke2 Re6 28. Kf3 Qh2 29. Qd3 Qe5 30. g4 Re8 31. a4 f5 32. gxf5 gxf5 33. Ng3 Rf8 34. Qc4+ Kh8 35. Qh4+ Kg8 36. Qc4+ Kh8 37. Qf4 1-0

[Event "*** SCC Grand Prix: Titled Tuesday Blitz"]
[Site "Chess.com"]
[Date "2020.09.29"]
[Round "7"]
[White "Grineva_Marianna"]
[Black "Xeniya2005"]
[Result "0-1"]
[WhiteElo "2253"]
[BlackElo "2378"]
[TimeControl "180+1"]
[EndTime "11:16:01 PDT"]
[Termination "Xeniya2005 won on time"]

1. e4 e6 2. d4 d5 3. Nd2 c5 4. Ngf3 cxd4 5. exd5 Qxd5 6. Bc4 Qd6 7. O-O Nc6 8. Nb3 Nf6 9. Nbxd4 Nxd4 10. Nxd4 a6 11. c3 Qc7 12. Qe2 Be7 13. Re1 O-O 14. Bb3 b5 15.
Nf5 exf5 16. Qxe7 Bd7 17. Be3 Rae8 18. Qc5 Qb7 19. Rad1 Be6 20. Bd4 Bxb3 21. axb3 Nd5 22. Be5 Rd8 23. Bd6 Rfe8 24. h3 Rxe1+ 25. Rxe1 Nf6 26.
Bf4 Qd7 27. b4 h6 28. Ra1 Qe6 29. Qe3 Qc6 30. Qe5 Rd5 31. Qb8+ Kh7 32. Be3 Ne4 33. Qf8 Qg6 34. Qe7 Rd6 35. Bd4 Re6 36. Qf8 f4 0-1

[Event "*** SCC Grand Prix: Titled Tuesday Blitz"]
[Site "Chess.com"]
[Date "2020.09.29"]
[Round "7"]
[White "RU_B9"]
[Black "HanSchut"]
[Result "0-1"]
[WhiteElo "1885"]
[BlackElo "2217"]
[TimeControl "180+1"]
[EndTime "11:16:02 PDT"]
[Termination "HanSchut won on time"]

1. c4 Nf6 2. Nc3 d5 3. cxd5 Nxd5 4. Nf3 c5 5. e3 Nc6 6. Bc4 Nb6 7. Be2 e5 8. d3 Be7 9. O-O O-O 10. a3 Be6 11. Qc2 Rc8 12. b3 f6 13. Bb2 Nd4 14. exd4 cxd4 15. Qd2 dxc3 16. Bxc3 Bxb3 17. Rfb1 Be6 18. a4 Qd7 19. a5 Nd5 20. Bb2 Rfd8 21. Ba3 Nc3 22. Re1 Bg4 23. Bxe7 Qxe7 24. h3 Nxe2+ 25. Qxe2 Bxf3 26. Qxf3 Qd7 27. Rab1 Rc7 28. Rb3 Qa4 29. Reb1 Qxa5 30. Rxb7 Rxb7 31. Rxb7 a6 32. Kh2 Qd5 33. Qxd5+ Rxd5 34. Ra7 a5 35. g3 h5 36. Kg2 Kh7 37.
h4 Kg6 38. Kf1 Rb5 39. Ke2 Rb2+ 40. Ke3 Ra2 41. f3 a4 42. g4 hxg4 43. fxg4 a3 44.
h5+ Kh6 45. d4 exd4+ 46. Kxd4 Ra1 47. Kc3 Rh1 0-1

[Event "*** SCC Grand Prix: Titled Tuesday Blitz"]
[Site "Chess.com"]
[Date "2020.09.29"]
[Round "7"]
[White "chesslh19"]
[Black "sorrm8thatscheckm8"]
[Result "0-1"]
[WhiteElo "2170"]
[BlackElo "2450"]
[TimeControl "180+1"]
[EndTime "11:16:02 PDT"]
[Termination "sorrm8thatscheckm8 won by resignation"]

1. e4 e6 2. d4 d5 3. Nd2 Nf6 4. e5 Nfd7 5. Bd3 c5 6. c3 Nc6 7.
Ne2 cxd4 8. cxd4 f6 9. exf6 Nxf6 10. O-O Bd6 11. Nf3 O-O 12. Bf4 Bxf4 13. Nxf4 Ne4 14. Qc1 Qf6 15. Ne2 Bd7 16. Qe3 Nd6 17. Ne5 Be8 18.
Rad1 Nb4 19. Bb1 Rc8 20. Rc1 Rxc1 21. Rxc1 Nc6 22. Ng3 Nf7 23. Nxc6 bxc6 24. Re1 Bd7 25. h3 Rd8 26. b3 Re8 27. f4 Nd6 28. Kh2 Qh4 29. Qe5 Nf5 30. Nf1 Nxd4 31. g3 Qf6 32.
Nd2 Qxe5 33. Rxe5 c5 34. Kg1 a5 35. Kf2 a4 36. bxa4 Rb8 37. Bd3 Rb2 38. Ke1 Rxa2 39. f5 Rxd2 40. fxe6 Nf3+ 41. Kf1 Nxe5 42. exd7 Nxd7 43.
Bb5 Nb6 44. a5 Na8 45. Bc6 Nc7 46. Ke1 Ra2 0-1

[Event "*** SCC Grand Prix: Titled Tuesday Blitz"]
[Site "Chess.com"]
[Date "2020.09.29"]
[Round "7"]
[White "antoszu"]
[Black "Kumi29"]
[Result "0-1"]
[WhiteElo "2589"]
[BlackElo "2428"]
[TimeControl "180+1"]
[EndTime "11:16:03 PDT"]
[Termination "Kumi29 won by resignation"]

1. d4 Nf6 2. c4 e5 3. dxe5 Ng4 4.
Bf4 Nc6 5. Nf3 Bb4+ 6. Nbd2 Qe7 7. e3 Ngxe5 8. Nxe5 Nxe5 9. Be2 a5 10. O-O O-O 11.
Nb3 a4 12. Nd4 a3 13. b3 d6 14. Rc1 Ng6 15. Bg3 f5 16. Bf3 f4 17. exf4 Nxf4 18. Nc2 Bc5 19. Re1 Qg5 20. Ne3 c6 21. Qd2 Bd7 22. b4 Ba7 23. Qxd6 Rad8 24. Bxf4 Rxf4 25. Rcd1 Rxf3 26. Qc7 Bb8 27. Qxb7 Rf7 28. Qb6 Rdf8 29. Rd2 Bf4 30. Qd4 Bh3 31. g3 Bxe3 32. Rxe3 Qf5 33. f4 Qb1+ 34. Rd1 Qxa2 35. Rd2 Qb1+ 36.
Rd1 Qb2 37. Qe4 Qxb4 38. Qf3 Re7 39. Rb3 Re1+ 0-1

[Event "*** SCC Grand Prix: Titled Tuesday Blitz"]
[Site "Chess.com"]
[Date "2020.09.29"]
[Round "7"]
[White "MisiekZielony"]
[Black "carlsen1001"]
[Result "1-0"]
[WhiteElo "2268"]
[BlackElo "2424"]
[TimeControl "180+1"]
[EndTime "11:16:03 PDT"]
[Termination "MisiekZielony won by resignation"]

1. c4 e5 2. Nc3 Nf6 3. Nf3 Nc6 4.
e3 Bb4 5. Qc2 Bxc3 6. Qxc3 Qe7 7. b3 O-O 8. Bb2 Re8 9. d4 Ne4 10. Qc2 Qb4+ 11. Kd1 exd4 12. Nxd4 Nxd4 13. Bxd4 d6 14. f3 Ng5 15. h4 Ne6 16. Bc3 Qb6 17.
Qd2 Bd7 18. Bd3 a5 19. h5 h6 20. Bc2 Bc6 21. Qd3 Ng5 22. Bd4 Qa6 23. e4 b5 24.
Qc3 f6 25. Kc1 bxc4 26. Qxc4+ Qxc4 27. bxc4 Rab8 28. Kd2 Bd7 29. Rab1 Bc6 30. Rxb8 Rxb8 31. Bc3 a4 32. Rb1 Rxb1 33. Bxb1 Kf7 34. Bc2 Ke6 35.
Ba5 Kd7 36. Kc3 Ne6 37. Kb4 Nc5 38. Kc3 Ne6 39. g3 Ng5 40. Bd1 Nf7 41. Kd4 Ne5 42.
Bb4 Bb7 43. c5 Nc6+ 44. Kc3 Ne5 45. Bxa4+ Ke7 46. Bd1 Bc6 47. cxd6+ cxd6 48. a4 Be8 49. a5 Bb5 50. f4 Nc6 51. Bb3 Kd7 52. Bc4 Bxc4 53. Kxc4 Nxb4 54. Kxb4 Kc6 55. Kc4 Kb7 56. Kd5 Ka6 57. Kxd6 Kxa5 58. Ke6 Kb4 59. Kf7 Kc5 60.
Kxg7 Kd4 61. Kxf6 Kxe4 62. Kg6 Kf3 63. Kxh6 Kxg3 64. Kg6 Kxf4 65. h6 1-0

[Event "*** SCC Grand Prix: Titled Tuesday Blitz"]
[Site "Chess.com"]
[Date "2020.09.29"]
[Round "7"]
[White "Oleksandr_Bortnyk"]
[Black "Sethu0025"]
[Result "1-0"]
[WhiteElo "2909"]
[BlackElo "2771"]
[TimeControl "180+1"]
[EndTime "11:16:04 PDT"]
[Termination "Oleksandr_Bortnyk won by resignation"]

1. e4 e5 2. Bc4 Nf6 3. d3 Nc6 4. Nc3 Bb4 5. Bd2 Na5 6. Bb3 O-O 7. Nf3 d6 8. h3 c6 9. Qe2 b5 10. g4 Bc5 11. g5 Ne8 12. Be3 Qe7 13. O-O-O Nxb3+ 14.
axb3 Bxe3+ 15. Qxe3 a5 16. d4 a4 17. b4 Nc7 18.
dxe5 dxe5 19. Qc5 Qxc5 20. bxc5 Re8 21. Rd6 Bb7 22. Rd7 Rac8 23. Na2 Ba8 24. Nb4 Ne6 25.
Nd3 Rcd8 26. Ra7 Kf8 27. Rg1 Re7 28. Rxe7 Kxe7 29. Nfxe5 Bb7 30. f4 Rd4 31. f5 Nc7 32. Re1 Ne8 33. c3 Rd8 34. Nb4 Rc8 35. Rd1 f6 36.
Rd7+ Kf8 37. gxf6 gxf6 38. Rxb7 fxe5 39. Rxh7 Kg8 40. Rh6 Kf7 41. Rxc6 Rd8 42. Re6 Nf6 43. Rxe5 Rg8 44. c6 Rg1+ 45. Kc2 Rg2+ 46. Kb1 Rg1+ 47.
Ka2 Ne8 48. Rxb5 1-0